 Dungeon Crawl Stone Soup version 0.27.0-1-g7a089689b8 (webtiles) character file.

Game seed: 6480916212431085702

108 tilp the Chopper (level 5, 0/38 (39) HPs)
             Began as a Formicid Warper on Aug 3, 2021.
             Killed from afar by a white imp (8 damage)
             ... with a puff of frost
             ... on level 7 of the Dungeon.
             The game lasted 00:05:55 (3606 turns).

tilp the Chopper (Formicid Warper)                  Turns: 3606, Time: 00:05:56

HP:   0/38 (39)     AC:  6    Str: 16    XL:     5   Next: 12%
MP:   8/8           EV: 15    Int: 13    God:
Gold: 113           SH:  0    Dex: 10    Spells: 7/8 levels left

rFire    . . .     SeeInvis +   a - +0 hand axe (freeze)
rCold    . . .     Faith    .   (no shield)
rNeg     . . .     Spirit   .   j - +0 ring mail
rPois    +         Reflect  .   (helmet unavailable)
rElec    .         Harm     .   (no cloak)
rCorr    .         Rampage  .   (no gloves)
Will     .....                  h - +0 pair of boots
Stlth    ..........             (no amulet)
HPRegen  0.12/turn              f - +4 ring of evasion
MPRegen  0.11/turn              m - ring of poison resistance

@: lightly drained
A: permanent stasis, dig shafts and tunnels, antennae 3, four strong arms
a: Dig, Shaft Self


You were on level 7 of the Dungeon.
You visited 1 branch of the dungeon, and saw 6 of its levels.

You collected 155 gold pieces.
You spent 42 gold pieces at shops.

Inventory:

Hand Weapons
 a - a +0 hand axe of freezing (weapon)
Missiles
 c - 5 boomerangs of dispersal
 d - 29 poisoned darts (quivered)
 o - 4 boomerangs
Armour
 e - a +2 robe of fire resistance
 h - a +0 pair of boots (worn)
 j - a +0 ring mail (worn)
Jewellery
 f - a +4 ring of evasion (left hand)
 i - an amulet of faith
 m - a ring of poison resistance (right hand)
Scrolls
 b - a scroll of magic mapping
 g - 2 scrolls of brand weapon
 k - a scroll of vulnerability {unknown}
 p - a scroll of teleportation {unknown}
Potions
 l - a potion of curing {unknown}
 n - a potion of haste {unknown}


   Skills:
 + Level 2.7 Fighting
 * Level 4.5 Axes
 - Level 1.0 Throwing
 - Level 1.1 Armour
 - Level 2.0 Dodging
 - Level 2.1 Spellcasting
 - Level 2.6 Translocations


You had 7 spell levels left.
You knew the following spells:

 Your Spells              Type           Power      Damage    Failure   Level
a - Freeze                Ice            4%         1d3       43%         1

Your spell library contained the following spells:

 Spells                   Type           Power      Damage    Failure   Level
 Gell's Gravitas          Tloc           4%         N/A       43%         3
 Lesser Beckoning         Tloc           4%         N/A       43%         3
 Teleport Other           Tloc           8%         N/A       43%         3
 Manifold Assault         Tloc           8%         N/A       99%         5
 Conjure Ball Lightning   Conj/Air       0%         3x3d6     100%        6
 Discord                  Hex            0%         N/A       100%        8
 Disjunction              Tloc           4%         N/A       100%        8
 Blink                    Tloc           Unusable   N/A       N/A         2

Dungeon Overview and Level Annotations

Branches:
Dungeon (5/15)
 Temple: D:4-7

Altars:
Hepliaklqana

Shops:
D:2 *

Annotations:
D:2 Sigmund


Innate Abilities, Weirdness & Mutations

You cannot be hasted, slowed, berserked, paralysed or teleported.
You can dig through walls and to a lower floor.
You have a pair of large antennae on your head. (SInv)
Your four strong arms can wield two-handed weapons with a shield.


Message History

A sky beast comes into view.
The sky beast flickers out of sight for a moment.
The white imp shouts!
A kobold comes into view. It is wielding a +0 dagger.
The kobold shouts!
A kobold and a kobold brigand come into view.
The kobold brigand is wielding a +0 dagger and quivering curare-tipped darts.
The kobold brigand shouts!
The kobold shouts!
The kobold barely misses you.
You hit the kobold. You freeze the kobold.
The kobold is severely wounded.
The kobold hits you with a +0 dagger.
You hit the kobold brigand. You freeze the kobold brigand.
The kobold brigand is lightly wounded.
You hit the kobold brigand but do no damage.
The kobold brigand is lightly wounded.
The kobold brigand closely misses you.
You hit the kobold brigand. You freeze the kobold brigand.
The kobold brigand is moderately wounded.
The white imp gestures at you. The puff of frost hits you.
The kobold brigand completely misses you.
You barely miss the kobold brigand.
The kobold brigand is moderately wounded.
The kobold brigand hits you with a +0 dagger.
You hit the kobold brigand. You freeze the kobold brigand.
The kobold brigand is moderately wounded.
The kobold brigand hits you with a +0 dagger!
The white imp picks up a beetle and eats it.
The white imp gestures at you. The puff of frost hits you.
* * * LOW HITPOINT WARNING * * *
You closely miss the kobold brigand.
The kobold brigand is moderately wounded.
You hit the white imp but do no damage.
The kobold brigand hits you with a +0 dagger.
* * * LOW HITPOINT WARNING * * *
The white imp gestures at you. The puff of frost hits you!
You die...

#.### ... ...
... #K# #K#
#K# # #@#
##.###### #5#
........####Y#
......5......#
##.####.######
#.# #.# ...
##.##


You could see a sky beast (invisible), a kobold brigand, a white imp and 2
kobolds.

Vanquished Creatures
  A hound skeleton (D:4)
  3 adders
  A worm (D:4)
  A dart slug (D:2)
  6 orcs
  5 endoplasms
  4 giant cockroaches
  4 hobgoblins
  2 jackals (D:2)
  4 quokkas
  4 ball pythons
  A bat (D:2)
  4 frilled lizards
  6 goblins
  4 kobolds (D:1)
  2 rats
52 creatures vanquished.

Notes
Turn   | Place    | Note
-------+----------+-------------------------------------------
     0 | D:1      | tilp the Formicid Warper began the quest for the Orb.
     0 | D:1      | Reached XP level 1. HP: 16/16 MP: 3/3
   287 | D:1      | Reached XP level 2. HP: 15/22 MP: 5/5
   411 | D:1      | Found a faded altar of an unknown god.
   419 | D:1      | Got Plato's Disquisition on Ice
   440 | D:1      | Learned a level 1 spell: Freeze
   548 | D:1      | Reached skill level 3 in Axes
  1049 | D:1      | Reached XP level 3. HP: 25/27 MP: 6/6
  1448 | D:2      | Noticed Sigmund
  1975 | D:2      | Found Dysa Pui's General Store.
  1978 | D:2      | Bought a scroll of magic mapping for 42 gold pieces
  2017 | D:2      | Reached skill level 4 in Axes
  2017 | D:2      | Reached XP level 4. HP: 33/33 MP: 7/7
  2167 | D:2      | Found a hazy altar of Hepliaklqana.
  2628 | D:3      | You fall into a shaft and drop 2 floors!
  2628 | D:5      | Entered Level 5 of the Dungeon
  3081 | D:4      | Reached XP level 5. HP: 21/39 MP: 8/8
  3451 | D:3      | Noticed a water moccasin
  3468 | D:4      | You fall into a shaft and drop 3 floors!
  3591 | D:7      | Noticed a sky beast
  3597 | D:7      | Noticed a kobold brigand
  3606 | D:7      | Killed from afar by a white imp

Illustrated notes

Levels and vault maps discovered:
D:1:      saegor_arrival_simple_e, layout_basic,
          shapermc_ecumenical_altar_rom_forum
D:2:      layout_basic, serial_shops, nicolae_shop_behind_doors, basic_altar,
          eino_tiny_chamber, minmay_misc_feat_hallway, uniq_sigmund
D:3:      layout_rooms, minmay_shallow_snake_nest
D:4:      layout_cave_pools, minmay_temple_entry_waves
D:5:      layout_basic, trog_wizard, mainiacjoe_overflow_boulevard,
          goddamned_bats, uniq_duvessa, uniq_crazy_yiuf_cottage
D:7:      layout_loops_ring, serial_shops, nicolae_shop_window_shopping,
          nicolae_shop_sticking_my_neck_out, uniq_menkaure

Skill      XL: |  1  2  3  4 |
---------------+-------------+-----
Axes           | 3 4 |  4.5
Dodging        | 2 |  2.0
Fighting       | |  2.7
Throwing       | |  1.0
Armour         | |  1.1
Spellcasting   | |  2.1
Translocations | |  2.6

Action                   |  1- 3 |  4- 6 || total
-------------------------+-------+-------++-------
Melee: Hand axe          |   120 |    89 ||   209
Throw: Dart              |     1 |    13 ||    14
 Abil: Shaft Self        |       |     2 ||     2
  Use: Scroll            |     2 |     1 ||     3
Armor: Leather armour    |     4 |       ||     4
       Robe              |    28 |     2 ||    30
       Ring mail         |       |    12 ||    12
Dodge: Dodged            |    57 |    59 ||   116
